 Dungeon Crawl Stone Soup version 0.30-a0-368-g86fb4627a9 (webtiles) character file.

Game seed: 15517136351230873773

363 kae the Changer (level 6, 0/47 HPs)
             Began as a Draconian Transmuter on Nov 18, 2022.
             Slain by Dowan
             ... wielding a +6 dagger of protection
              (9 damage)
             ... on level 4 of the Dungeon.
             The game lasted 00:03:05 (3747 turns).

kae the Changer (Draconian Transmuter)              Turns: 3747, Time: 00:03:06

Health: 0/47       AC:  2    Str: 12    XL:     6   Next: 39%
Magic:  8/11       EV: 19    Int: 16    God:
Gold:   69         SH:  0    Dex: 16    Spells: 1/11 levels left

rFire   . . .      SeeInvis .      - Unarmed
rCold   . . .      Faith    .    (shield currently unavailable)
rNeg    . . .      Spirit   .    (body armour unavailable)
rPois   x          Reflect  .    (helmet currently unavailable)
rElec   .          Harm     .    (cloak currently unavailable)
rCorr   .          Rampage  .    (gloves currently unavailable)
Will    .....                    (boots currently unavailable)
Stlth   +.........               (no amulet)
HPRegen 0.27/turn                (no ring)
MPRegen 0.12/turn                (no ring)

@: spider-form (expiring)
A: venomous fangs, AC +6, tiny, unfitting armour, (cold-blooded)
a: End Transformation


You were on level 4 of the Dungeon.
You were a venomous arachnid creature.
You visited 1 branch of the dungeon, and saw 4 of its levels.

You collected 69 gold pieces.


Innate Abilities, Weirdness & Mutations

You are a venomous arachnid creature.
You have poisonous fangs.
You are tiny and dextrous.
Your spellcasting is less reliable in this form.
Your armour is entirely melded.
You are incapable of wielding weapons or throwing items.
((Your plain brown scales are hard. (AC +6)))
You cannot fit into any form of body armour.
((You are cold-blooded and may be slowed by cold attacks.))


   Skills:
 - Level 1.1 Fighting
 - Level 1.7 Dodging
 + Level 4.2 Unarmed Combat
 + Level 3.3 Spellcasting
 * Level 4.7 Transmutations
 + Level 0.0 Ice Magic
 - Level 2.1 Poison Magic


You had one spell level left.
You knew the following spells:

 Your Spells              Type           Power      Damage    Failure   Level
a - Beastly Appendage     Tmut           34%        N/A       10%         1
b - Wereblood             Tmut           17%        N/A       12%         2
c - Spider Form           Tmut/Pois      13%        N/A       30%         3
d - Ice Form              Ice/Tmut       10%        N/A       77%         4

Your spell library contained the following spells:

 Spells                   Type           Power      Damage    Failure   Level
 Blink                    Tloc           4%         N/A       47%         2
 Manifold Assault         Tloc           2%         N/A       96%         4
 Storm Form               Tmut/Air       5%         N/A       100%        7
 Chain Lightning          Conj/Air       1%         3d1       100%        9
 Fire Storm               Conj/Fire      1%         7d1       100%        9
 Shatter                  Erth           1%         3d5*      100%        9

Inventory:

Missiles
 b - 49 stones
 f - 6 boomerangs
 j - 12 poisoned darts
Jewellery
 C - a ring of ice
   (You found it on level 1 of the Dungeon)
Wands
 h - a wand of polymorph (15)
   (You found it on level 3 of the Dungeon)
Scrolls
 e - a scroll of noise {!r}
 k - a scroll of poison {!r}
 l - a scroll of teleportation {@r4}
 m - 2 scrolls of fear
 n - a scroll of identify {@r1}
Potions
 a - a potion of lignification {!q}
 c - 2 potions of heal wounds {unknown}
 d - 3 potions of curing {@q1}
 g - a potion of degeneration {unknown}
 i - a potion of resistance {unknown}

Dungeon Overview and Level Annotations

Branches:
Dungeon (4/15) Zot: 20264
 Temple: D:4-7

Altars:
Nemelex Xobeh

Annotations:
D:4 Dowan

#..# #..# #..#
#..# #
#####..#
.##.###......#
......#.###)#
e #.).)...# .
#...#s### .#
#.#.e)####
###+#.#
#.#.#....#
#...e.#
#.#.#..#.#
#.....# #
#.#..# #
#<{...# #.####
#.....# #..
###.#.# #. .#
# #.


You could see Dowan (fast, extremely poisoned).


Message History

You turn into a venomous arachnid creature.
Duvessa closely misses you. 😎 MP[-3]
You lost 3 mp, and now have 7/10 mp.
You hit Duvessa.
Duvessa is poisoned.
Duvessa hits you with a +0 short sword. 😕 HP[-3]
You take 3 damage, and now have 44/47 hp.
You barely miss Duvessa.
Duvessa hits you with a +0 short sword. 😕 HP[-5]
You take 5 damage, and now have 39/47 hp.
You hit Duvessa but do no damage. Duvessa closely misses you.
You hit Duvessa but do no damage.
Duvessa looks as sick as possible!
Duvessa closely misses you. 😕 HP[+1] Unknown command.
You hit Duvessa but do no damage.
Duvessa looks as sick as possible!
Duvessa closely misses you.
You hit Duvessa.
Duvessa looks as sick as possible!
Duvessa barely misses you.
You hit Duvessa but do no damage.
Duvessa looks as sick as possible!
Your transformation is almost over.
Duvessa hits you with a +0 short sword! 😮 HP[-8] MP[+1]
You take 8 damage, and now have 32/47 hp.
You barely miss Duvessa. 😮 HP[+1]
You hit Duvessa but do no damage. Duvessa barely misses you.
You barely miss Duvessa. Duvessa closely misses you.
Unknown command.
You hit Duvessa but do no damage.
You kill Duvessa!
You hear a distant wail of despair.
Your Poison Magic skill increases to level 2!
You start resting. 😮 HP[+1] MP[+1] Unknown command.
You start resting.
Your transformation has ended. 😮 HP[+1]
You start resting.
An orc comes into view.
It is wielding a +0 flail and quivering poisoned darts. 😕 HP[+3] MP[+1]
You regained 3 hp, and now have 38/47 hp.
Casting: Spider Form (dangerous; 13% risk of failure)
Confirm with . or Enter, or press ? or * to list all spells.
You turn into a venomous arachnid creature.
The orc shouts!
The orc throws a poisoned dart.
The poisoned dart closely misses you. 😕 HP[+1] MP[-2]
You lost 2 mp, and now have 8/11 mp. 😕 HP[+1]
You hit the orc but do no damage.
The orc is poisoned.
The orc closely misses you.
You hit the orc but do no damage.
The orc looks as sick as possible!
You kill the orc!
j - 12 poisoned darts (gained 4);
n - a scroll of identify {@r1}
Things that are here:
a +0 flail; a +0 leather armour 😕 HP[+1]
You start resting. 😕 MP[+1]
There is a stone staircase leading up here.
You start resting.
Your transformation is almost over.
Your transformation has ended. 😕 HP[+3] MP[+1]
You regained 3 hp, and now have 44/47 hp.
This spell is extremely dangerous to cast!
Memorise Ice Form, consuming 4 spell levels and leaving 1?
You start memorising the spell.
You continue memorising. x3
Dowan shouts!
Dowan seems to find hidden reserves of power!
You continue memorising.
You finish memorising.
Spell assigned to 'd'. 😕 HP[+1]
Casting: Spider Form (dangerous; 13% risk of failure)
Confirm with . or Enter, or press ? or * to list all spells.
You turn into a venomous arachnid creature. 😕 HP[+1] MP[-2]
You lost 2 mp, and now have 8/11 mp.
You hit Dowan.
Dowan is poisoned.
Dowan hits you with a +6 dagger of protection!
Dowan hits you with a +6 dagger of protection. 😮 HP[-14]
You take 14 damage, and now have 32/47 hp.
MASSIVE DAMAGE!! (PAUSE)
You hit Dowan but do no damage.
Dowan looks as sick as possible!
Dowan barely misses you.
You hit Dowan but do no damage.
Dowan looks as sick as possible!
Dowan points at you and mumbles some strange words.
The stone arrow hits you!
* * * LOW HITPOINT WARNING * * *
😨 HP[-16]
You take 16 damage, and now have 16/47 hp.
MASSIVE DAMAGE!! (PAUSE)
You closely miss Dowan.
Your transformation is almost over.
Dowan hits you with a +6 dagger of protection!
* * * LOW HITPOINT WARNING * * *
Dowan hits you with a +6 dagger of protection!
You die...

Skill      XL: |  1  2  3  4  5  6 |
---------------+-------------------+-----
Transmutations | 3 4 |  4.7
Poison Magic   | 1 2 |  2.1
Unarmed Combat | 4 |  4.2
Spellcasting   | 3 |  3.3
Fighting       | |  1.1
Dodging        | |  1.7

Action                   |  1- 3 |  4- 6 || total
-------------------------+-------+-------++-------
Melee: Unarmed           |   140 |   103 ||   243
       Kick              |    18 |     7 ||    25
       Headbutt          |     7 |     8 ||    15
       Punch             |     4 |       ||     4
       Tailslap          |    13 |     7 ||    20
 Cast: Beastly Appendage |    21 |    16 ||    37
       Spider Form       |       |     8 ||     8
  Use: Scroll            |     4 |     5 ||     9
 Stab: Sleeping          |       |     1 ||     1
Armor: Skin              |    37 |    10 ||    47
Dodge: Dodged            |    99 |    73 ||   172

Levels and vault maps discovered:
D:1:      evilmike_arrival_hilbert_curve, layout_rooms,
          ebering_ecumenical_altar_box, serial_co_window_serial,
          co_window_corner_a, co_window_paths_a, co_window_corner_a,
          co_window_corner_a, co_window_paths_b, co_window_paths_a,
          co_window_paths_b, co_window_paths_a, co_window_paths_b,
          co_window_corner_b, co_window_unsneaky_path_a, co_window_paths_c,
          co_window_2corner, co_window_2corner, co_window_broadway_b,
          co_window_unsneaky_path_d, glass_columns_a, glass_columns_c,
          glass_columns_b, minmay_misc_feat_chi, reono_crystal_passage
D:2:      layout_rooms, chequers_arboretum
D:3:      layout_basic, nemelex_spade_bored_becter, kennysheep_generic_room_7
D:4:      layout_basic, kennysheep_orc_sif_temple, minmay_stone_trees_large,
          nrook_campfire, nicolae_shop_fire_sale [nicolae_sub_dead_trees],
          minmay_ogre_servants, uniq_robin, uniq_pargi, uniq_duvessa

Notes
Turn   | Place    | Note
-------+----------+-------------------------------------------
     0 | D:1      | kae the Draconian Transmuter began the quest for the Orb.
     0 | D:1      | Reached XP level 1. HP: 16/16 MP: 3/3
     0 | D:1      | magus.rc [v1.11.3]
   320 | D:1      | Reached XP level 2. HP: 21/23 MP: 3/5
   361 | D:1      | Found a faded altar of an unknown god.
   881 | D:1      | Learned a level 2 spell: Wereblood
   951 | D:1      | Reached XP level 3. HP: 28/28 MP: 6/6
   955 | D:1      | Learned a level 3 spell: Spider Form
  1256 | D:2      | You add the spells Blink, Manifold Assault and Storm Form
                  | to your library.
  1275 | D:2      | Reached skill level 3 in Transmutations
  1287 | D:2      | Identified the +2 sling of the Neverending Xenops {vorpal,
                  | rCorr SInv}
  1670 | D:2      | Reached XP level 4. HP: 35/35 MP: 7/7
  2091 | D:3      | You pick up a book of Annihilations and begin reading...
  2091 | D:3      | You add the spells Chain Lightning, Fire Storm and Shatter
                  | to your library.
  2444 | D:3      | Reached skill level 1 in Poison Magic
  2608 | D:3      | Found a sparkling altar of Nemelex Xobeh.
  2858 | D:3      | Reached XP level 5. HP: 20/40 MP: 6/9
  3350 | D:4      | Noticed Pargi
  3361 | D:4      | Killed Pargi
  3362 | D:4      | Reached skill level 4 in Unarmed Combat
  3362 | D:4      | Reached skill level 3 in Spellcasting
  3362 | D:4      | Reached skill level 4 in Transmutations
  3362 | D:4      | Noticed Dowan
  3362 | D:4      | Noticed Duvessa
  3538 | D:4      | Reached XP level 6. HP: 35/47 MP: 7/10
  3697 | D:4      | Killed Duvessa
  3698 | D:4      | Reached skill level 2 in Poison Magic
  3742 | D:4      | Learned a level 4 spell: Ice Form
  3747 | D:4      | HP: 9/47 [Dowan/+6 dagger of protection (8)]
  3747 | D:4      | Slain by Dowan

Vanquished Creatures
  Pargi (D:4)
  Duvessa (D:4)
  2 orc wizards
  3 adders
  A worm (D:2)
  4 dart slugs
  8 orcs
  4 ball pythons
  8 endoplasms
  4 giant cockroaches
  5 hobgoblins
  9 jackals (D:1)
  2 quokkas
  7 bats
  A frilled lizard (D:1)
  5 goblins
  6 kobolds
  3 rats
74 creatures vanquished.

Table legend:
 A = Non-vault XP
 B = Vault XP
 C = Vault XP percentage of total XP
 D = Non-vault monster count
 E = Vault monster count
 F = Vault count percentage of total count
                 A         B        C        D         E       F
            +---------+---------+-------+---------+---------+-------
      Total |     249 |     270 |  52.0 |      72 |       2 |   2.7
            +---------+---------+-------+---------+---------+-------
        D:1 |      43 |       0 |   0.0 |      24 |       0 |   0.0
        D:2 |      58 |       0 |   0.0 |      23 |       0 |   0.0
        D:3 |     103 |       0 |   0.0 |      21 |       0 |   0.0
        D:4 |      45 |     270 |  85.7 |       4 |       2 |  33.3
            +---------+---------+-------+---------+---------+-------

Illustrated notes

Table legend:
 A = Kills in this place as a percentage of kills in entire the game.
 B = Kills by you in this place as a percentage of kills by you in the entire game.
 C = Kills by friends in this place as a percentage of kills by friends in the entire game.
 D = Other kills in this place as a percentage of other kills in the entire game.
 E = Experience gained in this place as a percentage of experience gained in the entire game.
 F = Experience gained in this place divided by the number of levels of this place that you have seen.
                   A       B       C       D       E      F
               +-------+-------+-------+-------+-------+----------------------
         Total | 100.0 | 100.0 |   N/A |   N/A | 100.0 | 129.8
       Dungeon | 100.0 | 100.0 |   N/A |   N/A | 100.0 | 129.8
               +-------+-------+-------+-------+-------+----------------------

Table legend: (Time is in decaauts)
 A = Elapsed time spent in this place.
 B = Non-inter-level travel time spent in this place.
 C = Inter-level travel time spent in this place.
 D = Time resting spent in this place.
 E = Time spent auto-exploring this place.
 F = Levels seen in this place.
 G = Mean time per level.
                   A        B        C        D        E       F      G
               +--------+--------+--------+--------+--------+-----+--------+
         Total |   3734 |   3580 |    154 |    382 |   2585 |   4 |  933.5 |
       Dungeon |   3734 |   3580 |    154 |    382 |   2585 |   4 |  933.5 |
               +--------+--------+--------+--------+--------+-----+--------+

Top non-repeatable levels by time:
     D:3: 1469 daAuts
     D:1: 1190 daAuts
     D:2: 701 daAuts
     D:4: 373 daAuts
